 Dungeon Crawl Stone Soup version 0.21-a0-442-g848f44b (webtiles) character file.

231 slep the Poker (level 6, -1/29 HPs)
             Began as a Tengu Wanderer on Nov 16, 2017.
             Slain by arthad's ghost (7 damage)
             ... on level 3 of the Dungeon.
             The game lasted 00:09:22 (1074 turns).

slep the Poker (Tengu Wanderer)                     Turns: 1074, Time: 00:09:23

Health: -1/29      AC:  9    Str: 17    XL:     6   Next: 3%
Magic:  7/7        EV: 11    Int: 14    God:
Gold:   124        SH:  0    Dex: 15    Spells: 5/5 levels left

rFire    . . .     SeeInvis .   o - +3 short sword
rCold    . . .     Gourm    .   (no shield)
rNeg     . . .     Faith    .   j - +2 ring mail {rPois}
rPois    +         Spirit   .   (helmet restricted)
rElec    .         Reflect  .   (no cloak)
rCorr    .         Harm     .   g - +0 pair of gloves
MR       .....                  (boots unavailable)
Stlth    +.........             s - amulet of inaccuracy (curse)
HPRegen  0.09/turn              h - +4 ring of dexterity
MPRegen  0.10/turn              (no ring)

@: no status effects
A: beak, talons 3, clever 1, frail 2, able to fly 1
a: Fly


You were on level 3 of the Dungeon.
You were not hungry.

You visited 1 branch of the dungeon, and saw 3 of its levels.

You collected 124 gold pieces.

Inventory:

Hand Weapons
 b - a +0 spear
 e - a +2 hunting sling of velocity
 o - a +3 short sword (weapon)
Missiles
 d - 63 arrows
 p - 16 stones (quivered)
Armour
 a - a +2 scale mail
 g - a +0 pair of gloves (worn)
 j - a +2 ring mail of poison resistance (worn)
Jewellery
 h - a +4 ring of dexterity (left hand)
 k - an uncursed amulet of faith
 s - a cursed amulet of inaccuracy (around neck)
 u - an uncursed amulet of guardian spirit
Scrolls
 c - a scroll of fear {unknown}
 i - 2 scrolls of identify {unknown}
 l - 2 scrolls of fog {unknown}
 n - a scroll of remove curse {unknown}
 r - 2 scrolls of amnesia {unknown}
 v - a scroll of random uselessness {unknown}
Potions
 q - a potion of brilliance
Comestibles
 f - 3 bread rations
 m - a meat ration
 t - a royal jelly
 w - a chunk of flesh


   Skills:
 + Level 3.0 Fighting
 + Level 2.6 Short Blades
 + Level 4.0 Polearms
   Level 2.1 Bows
 + Level 1.2 Throwing
 + Level 3.7 Armour
 + Level 1.0 Dodging
   Level 1.0 Shields


You had 5 spell levels left.
You didn't know any spells.

Dungeon Overview and Level Annotations

Branches:
Dungeon (3/15)

Altars:
Ashenzari
Cheibriados
Hepliaklqana
Xom

Annotations:
D:3 arthad's ghost, amateur GnWn


Innate Abilities, Weirdness & Mutations

You have a beak for a mouth.
You have claws for feet.
You can fly.
Your mind is acute. (Int +2)
You are very frail. (-20% HP)


Message History

Your peck misses arthad's ghost.
Arthad's ghost is moderately damaged.
Arthad's ghost hits you.
* * * LOW HITPOINT WARNING * * *
You miss arthad's ghost. You claw arthad's ghost.
Arthad's ghost is moderately damaged.
Arthad's ghost barely misses you.
You hit arthad's ghost. Your kick misses arthad's ghost.
Arthad's ghost is heavily damaged.
Arthad's ghost hits you but does no damage.
You closely miss arthad's ghost. Your kick misses arthad's ghost.
Your peck misses arthad's ghost.
Arthad's ghost is heavily damaged.
Arthad's ghost hits you.
* * * LOW HITPOINT WARNING * * *
You barely miss arthad's ghost. You claw arthad's ghost.
You peck arthad's ghost, but do no damage.
Arthad's ghost is heavily damaged.
Arthad's ghost hits you!
You die...

.####...##.##...# .......#
#.##.#.# ......# #....#.#
...#.#####......##
.....##..........#
....##...........#
..#.##...........########
..#.#..#รท##'##'#.........
.......#.##.##.#@######..
..#....#+##+##+#W###....
..##..##.......#.....#
..##..##..._...#.#####
..###..# .....##%# ..#
#.## ######......# .## #.#
#..........# .# ##.#
#..........# .###..#
#.....W......


You could see arthad's ghost.

Vanquished Creatures
  A black bear (D:3)
  2 jellies (D:3)
  Terence (D:3)
  An adder (D:2)
  2 leopard geckos
  7 bats
  3 giant cockroaches
  7 goblins
  7 hobgoblins
  An iguana (D:3)
  6 kobolds
  A frilled lizard (D:3)
  8 rats
47 creatures vanquished.

Notes
Turn   | Place    | Note
-------+----------+-------------------------------------------
     0 | D:1      | slep the Tengu Wanderer began the quest for the Orb.
     0 | D:1      | slep set off with: a +2 scale mail, a +0 spear, a +0 shortbow, 26 arrows, a bread ration
     0 | D:1      | Reached XP level 1. HP: 12/12 MP: 2/2
   145 | D:1      | Reached XP level 2. HP: 16/17 MP: 3/3
   250 | D:1      | Reached skill level 3 in Polearms
   530 | D:2      | Found a shattered altar of Ashenzari.
   536 | D:2      | Reached XP level 3. HP: 21/21 MP: 4/4
   609 | D:2      | Found a snail-covered altar of Cheibriados.
   609 | D:2      | Found a hazy altar of Hepliaklqana.
   842 | D:2      | Noticed Terence
   885 | D:3      | Gained mutation: You are frail. (-10% HP) [potion of mutation]
   885 | D:3      | Gained mutation: You are very frail. (-20% HP) [potion of mutation]
   885 | D:3      | Gained mutation: Your mind is acute. (Int +2) [potion of mutation]
   890 | D:3      | Killed Terence
   890 | D:3      | Reached XP level 4. HP: 21/21 MP: 2/5
   891 | D:3      | Reached skill level 1 in Short Blades
   979 | D:3      | Found a shimmering altar of Xom.
  1010 | D:3      | Gained mutation: You can fly. [Tengu growth]
  1010 | D:3      | Reached XP level 5. HP: 25/25 MP: 6/6
  1018 | D:3      | Noticed a black bear
  1037 | D:3      | Killed a black bear
  1037 | D:3      | Reached skill level 4 in Polearms
  1037 | D:3      | Reached skill level 1 in Dodging
  1037 | D:3      | Reached XP level 6. HP: 19/29 MP: 7/7
  1040 | D:3      | Noticed arthad's ghost (amateur GnWn)
  1074 | D:3      | Slain by arthad's ghost

Vault maps used:
D:1:      elethiomel_arrival_quiet, nrook_mini_backslash, minmay_close_crescents
D:2:      gammafunk_temple_overflow_wave, ashenzari_altar_1, uniq_terence,
          uniq_sigmund
D:3:      dk_xom_monty_hall, uniq_crazy_yiuf_cottage

Skill      XL: |  1  2  3  4  5 |
---------------+----------------+-----
Polearms       | 3 4 |  4.0
Armour         | 3 |  3.7
Short Blades   | 1 2 |  2.6
Fighting       | 3 |  3.0
Dodging        | 1 |  1.0
Bows           | |  2.1
Throwing       | |  1.2
Shields        | |  1.0

Action                   |  1- 3 |  4- 6 || total
-------------------------+-------+-------++-------
Melee: Spear             |    47 |       ||    47
       Kick              |    33 |    13 ||    46
       Peck              |    14 |    10 ||    24
       Short sword       |    64 |    44 ||   108
  Use: Potion            |     5 |       ||     5
  Eat: Chunk             |       |     1 ||     1
Armor: Scale mail        |    58 |     1 ||    59
       Ring mail         |       |    21 ||    21
Dodge: Dodged            |    47 |    18 ||    65

Table legend:
 A = Spawn XP
 B = Non-spawn XP
 C = Spawn XP percentage of total XP
 D = Spawn monster count
 E = Non-spawn monster count
 F = Spawn count percentage of total count
 G = Total turns spent on level
                    A         B        C        D         E        F      G
               +---------+---------+-------+---------+---------+-------+---------
         Total |       0 |     330 |   0.0 |       0 |      47 |   0.0 |  1074
               +---------+---------+-------+---------+---------+-------+---------
           D:1 |       0 |      31 |   0.0 |       0 |      21 |   0.0 |   504
           D:2 |       0 |      38 |   0.0 |       0 |      15 |   0.0 |   374
           D:3 |       0 |     261 |   0.0 |       0 |      11 |   0.0 |   196
               +---------+---------+-------+---------+---------+-------+---------
